 Dungeon Crawl Stone Soup version 0.23-a0-681-g26ad783 (webtiles) character file.

3245 gruber the Magician (level 9, 0/71 HPs)
             Began as a Gnoll Skald on Jan 10, 2019.
             Was a Follower of Okawaru.
             Slain by a quokka (3 damage)
             ... on level 7 of the Dungeon.
             The game lasted 00:11:26 (5792 turns).

gruber the Magician (Gnoll Skald)                   Turns: 5792, Time: 00:11:27

Health: 0/71       AC:  9    Str: 17    XL:     9   Next: 99%
Magic:  19/19      EV: 15    Int: 20    God:    Okawaru [*.....]
Gold:   139        SH:  0    Dex: 16    Spells: 12/21 levels left

rFire    . . .     SeeInvis .   l - +1 whip (elec)
rCold    . . .     Gourm    .   (no shield)
rNeg     . . .     Faith    .   L - +2 ring mail of Absolutism {+Fly rElec rPois Dex+2}
rPois    +         Spirit   .   (no helmet)
rElec    +         Reflect  .   (no cloak)
rCorr    +         Harm     .   H - +0 pair of gloves
MR       .....                  (no boots)
Stlth    ++........             v - amulet of magic regeneration
HPRegen  0.21/turn              m - +4 ring of strength
MPRegen  0.41/turn              F - ring of resist corrosion (curse)

@: no status effects
A: distributed training, fangs 1, strong nose
a: Heroism, Renounce Religion, Evoke Flight


You were on level 7 of the Dungeon.
You worshipped Okawaru.
Okawaru was aware of your devotion.
You were not hungry.

You visited 2 branches of the dungeon, and saw 8 of its levels.
You also visited: Sewer.

You collected 366 gold pieces.
You spent 227 gold pieces at shops.

Inventory:

Hand Weapons
 l - a +1 whip of electrocution (weapon)
 I - the +7 arbalest "Xycotin" {elec, rElec rN+}
   (You found it on level 6 of the Dungeon)

   It charges the ammunition it shoots with electricity; occasionally upon a
   hit, such missiles may discharge and cause terrible harm.
   It insulates you from electricity.
   It protects you from negative energy.
 K - a cursed +2 spear of freezing
Armour
 H - a +0 pair of gloves (worn)
 L - the +2 ring mail of Absolutism (worn) {+Fly rElec rPois Dex+2}
   (You found it on level 6 of the Dungeon)

   It affects your dexterity (+2).
   It insulates you from electricity.
   It protects you from poison.
   It lets you fly.
Jewellery
 m - a +4 ring of strength (left hand)
 v - an amulet of magic regeneration (around neck)
 F - a cursed ring of resist corrosion (right hand)
 G - an uncursed ring of protection from fire
Wands
 h - a wand of polymorph (8)
 t - a wand of digging (6)
 u - a wand of acid (8)
 E - a wand of flame (18)
Scrolls
 a - 2 scrolls of identify
 b - a scroll of brand weapon {unknown}
 c - a scroll of enchant weapon {unknown}
 g - 4 scrolls of teleportation {unknown}
 i - 4 scrolls of enchant armour {unknown}
 k - 4 scrolls of fog {unknown}
 o - a scroll of fear {unknown}
 p - 2 scrolls of immolation {unknown}
 q - 3 scrolls of amnesia {unknown}
 r - 4 scrolls of magic mapping {unknown}
 s - 2 scrolls of remove curse {unknown}
 y - a scroll of blinking {unknown}
Potions
 e - 2 potions of brilliance
 f - 3 potions of haste
 j - a potion of lignification {unknown}
 n - 2 potions of berserk rage {unknown}
 w - 2 potions of agility {unknown}
 z - 3 potions of curing {unknown}
 A - a potion of resistance {unknown}
 B - 3 potions of flight {unknown}
 C - 4 potions of heal wounds {unknown}
 D - a potion of degeneration {unknown}
Comestibles
 d - 11 rations
 x - a chunk of flesh


   Skills:
 + Level 6.6 Fighting
 + Level 4.6 Short Blades
 + Level 4.6 Long Blades
 + Level 4.6 Axes
 + Level 4.6 Maces & Flails
 + Level 6.6 Polearms
 + Level 4.6 Staves
 + Level 4.6 Slings
 + Level 4.6 Bows
 + Level 4.6 Crossbows
 + Level 4.6 Throwing
 + Level 5.4 Armour
 + Level 6.6 Dodging
 + Level 4.6 Stealth
 + Level 4.6 Shields
 + Level 4.6 Unarmed Combat
 + Level 6.9 Spellcasting
 + Level 3.8 Conjurations
 + Level 3.8 Hexes
 + Level 6.7 Charms
 + Level 3.8 Summonings
 + Level 3.8 Necromancy
 + Level 3.8 Translocations
 + Level 3.8 Transmutations
 + Level 3.8 Fire Magic
 + Level 3.8 Ice Magic
 + Level 3.8 Air Magic
 + Level 3.8 Earth Magic
 + Level 3.8 Poison Magic
 + Level 5.1 Invocations
 + Level 4.6 Evocations


You had 12 spell levels left.
You knew the following spells:

 Your Spells              Type           Power        Failure   Level  Hunger
a - Infusion              Chrm           ####         1%          1    None
b - Shroud of Golubria    Chrm/Tloc      ####......   2%          2    None
c - Regeneration          Chrm/Necr      ####......   5%          3    #......
d - Spectral Weapon       Hex/Chrm       ####....     5%          3    #......

Your spell library contained the following spells:

 Spells                   Type           Power        Failure   Level  Hunger
 Song of Slaying          Chrm           ####....     1%          2    None


Dungeon Overview and Level Annotations

Branches:
Dungeon (7/15)             Temple (1/1) D:7

Altars:
Ashenzari
Cheibriados
Dithmenos
Elyvilon
Fedhas
Gozag
Kikubaaqudgha
Makhleb
Nemelex Xobeh
Okawaru
Qazlal
Ru
Trog
Uskayaw
Vehumet
Wu Jian
Yredelemnul
Zin

Shops:
D:4 [   D:6 %=*


Innate Abilities, Weirdness & Mutations

Your experience applies equally to all skills.
You have very sharp teeth.
Your uncanny sense of smell can sniff out nearby items.


Message History

You hit Harold but do no damage. You bite Harold, but do no damage.
Harold is heavily wounded.
Your spectral weapon hits Harold.
Lightning courses through Harold! Harold completely misses you.
The quokka closely misses you.
You barely miss Harold.
Harold is severely wounded.
Your spectral weapon hits Harold but does no damage.
Lightning courses through Harold! The quokka misses you.
Harold hits you with a +2 halberd of pain!
* * * LOW HITPOINT WARNING * * *
You writhe in agony.
* * * LOW HITPOINT WARNING * * *
You hit Harold but do no damage. Lightning courses through Harold!
You kill Harold!
Okawaru is honoured by your kill.
You can now gain great but temporary skills.
Harold looks down at his mortal wounds and cries, "But... this was my last day Your Invocations skill increases to level 5!
The quokka bites you.
You die...

.##...........#######..#
..#...........# ##..
.............## ##.
........(....# ##
...........>.#
........[...##
............#
.......r...##
##....@...# #.....)(..#
#........## #........#
#%......## #......<.#
#........# #.......##


You could see a quokka and a friendly spectral +1 whip of electrocution.

Vanquished Creatures
  Harold (D:7)
  Pikel (D:7)
  Sigmund (D:2)
  Menkaure (D:5)
  Edmund (D:4)
  A water moccasin (D:4)
  An orc warrior (D:6)
  2 slaves (D:7)
  A phantom (D:5)
  A centaur (D:6)
  A big kobold (Sewer)
  A bullfrog (D:7)
  A gnoll sergeant (D:7)
  4 wights (D:6)
  2 jellies (D:5)
  A bullfrog zombie (D:6)
  A centaur zombie (D:6)
  3 crimson imps
  A bullfrog skeleton (D:6)
  A hound (D:5)
  An orc priest (D:5)
  Ijyb (D:3)
  A centaur skeleton (D:4)
  An iguana (D:4)
  3 orc wizards
  7 worker ants
  A killer bee zombie (D:6)
  A howler monkey zombie (D:6)
  4 gnolls (D:7)
  6 adders
  A howler monkey skeleton (D:7)
  2 river rats (Sewer)
  2 shadow imps
  2 adder zombies
  2 adder skeletons
  2 worms
  2 dart slugs (D:1)
  3 leopard geckos
  10 orcs
  5 ball pythons
  6 giant cockroaches
  5 goblins
  4 hobgoblins
  8 jackals
  9 kobolds
  5 quokkas
  6 bats
  4 frilled lizards
  A giant cockroach zombie (D:6)
  A leopard gecko skeleton (D:4)
  A leopard gecko zombie (D:6)
  A quokka skeleton (D:5)
  13 rats
148 creatures vanquished.

Vanquished Creatures (others)
  An iguana (D:7)
1 creature vanquished.

Grand Total: 149 creatures vanquished

Notes
Turn   | Place    | Note
-------+----------+-------------------------------------------
     0 | D:1      | gruber the Gnoll Skald began the quest for the Orb.
     0 | D:1      | Reached XP level 1. HP: 20/20 MP: 6/6
    85 | D:1      | Reached XP level 2. HP: 19/26 MP: 5/7
    90 | D:1      | Learned a level 2 spell: Shroud of Golubria
   458 | D:1      | Reached XP level 3. HP: 26/31 MP: 9/9
   466 | D:1      | Reached skill level 5 in Spellcasting
   664 | D:2      | Reached skill level 1 in Invocations
   843 | D:2      | Reached skill level 1 in Short Blades
   843 | D:2      | Reached skill level 1 in Long Blades
   843 | D:2      | Reached skill level 1 in Axes
   843 | D:2      | Reached skill level 1 in Maces & Flails
   843 | D:2      | Reached skill level 1 in Staves
   843 | D:2      | Reached skill level 1 in Slings
   843 | D:2      | Reached skill level 1 in Bows
   843 | D:2      | Reached skill level 1 in Crossbows
   843 | D:2      | Reached skill level 1 in Throwing
   843 | D:2      | Reached skill level 1 in Stealth
   843 | D:2      | Reached skill level 1 in Shields
   843 | D:2      | Reached skill level 1 in Unarmed Combat
   843 | D:2      | Reached skill level 1 in Evocations
   884 | D:2      | Noticed Sigmund
   888 | D:2      | Reached XP level 4. HP: 34/38 MP: 11/11
  1171 | D:2      | Found a stormy altar of Qazlal.
  1408 | D:2      | Killed Sigmund
  1408 | D:2      | Reached skill level 1 in Conjurations
  1408 | D:2      | Reached skill level 1 in Hexes
  1408 | D:2      | Reached skill level 1 in Summonings
  1408 | D:2      | Reached skill level 1 in Necromancy
  1408 | D:2      | Reached skill level 1 in Translocations
  1408 | D:2      | Reached skill level 1 in Transmutations
  1408 | D:2      | Reached skill level 1 in Fire Magic
  1408 | D:2      | Reached skill level 1 in Ice Magic
  1408 | D:2      | Reached skill level 1 in Air Magic
  1408 | D:2      | Reached skill level 1 in Earth Magic
  1408 | D:2      | Reached skill level 1 in Poison Magic
  1408 | D:2      | Reached XP level 5. HP: 31/43 MP: 12/12
  1408 | D:2      | Reached XP level 6. HP: 36/50 MP: 13/13
  1526 | D:3      | Learned a level 3 spell: Regeneration
  1530 | D:3      | Learned a level 3 spell: Spectral Weapon
  1703 | D:3      | Noticed Ijyb
  1712 | D:3      | Killed Ijyb
  2337 | D:4      | Noticed Edmund
  2359 | D:4      | Killed Edmund
  2359 | D:4      | Reached skill level 5 in Fighting
  2359 | D:4      | Reached skill level 5 in Polearms
  2359 | D:4      | Reached skill level 5 in Dodging
  2425 | D:4      | Reached XP level 7. HP: 30/56 MP: 15/15
  2667 | D:4      | Found Xikhonux's Antique Armour Boutique.
  2675 | D:4      | Bought an encrusted chain mail for 171 gold pieces
  2694 | D:4      | Identified the +2 chain mail of Urosof {rElec rF++ Dex-3
                  | Stlth+} (You bought it in a shop on level 4 of the Dungeon)
  2942 | D:4      | Found a glowing drain.
  2960 | Sewer    | Entered a sewer
  3064 | Sewer    | Found a white marble altar of Elyvilon.
  3369 | D:5      | Entered Level 5 of the Dungeon
  3552 | D:5      | Reached XP level 8. HP: 52/63 MP: 16/16
  3573 | D:5      | Noticed Menkaure
  3580 | D:5      | Killed Menkaure
  4367 | D:6      | Got a bloodstained arbalest
  4372 | D:6      | Identified the +7 arbalest "Xycotin" {elec, rElec rN+} (You
                  | found it on level 6 of the Dungeon)
  4373 | D:6      | Found Viegra's Assorted Antiques.
  4395 | D:6      | Bought a scroll of identify for 56 gold pieces
  4655 | D:6      | Found a white marble altar of Elyvilon.
  4705 | D:6      | Got a faintly glowing ring mail
  4706 | D:6      | Identified the +2 ring mail of Absolutism {+Fly rElec rPois
                  | Dex+2} (You found it on level 6 of the Dungeon)
  4896 | D:6      | Reached XP level 9. HP: 59/69 MP: 18/18
  4920 | D:6      | Found Cewaxije's Jewellery Shoppe.
  5200 | D:6      | Found Sucw's Food Boutique.
  5323 | D:7      | Noticed Pikel
  5348 | D:7      | Killed Pikel
  5348 | D:7      | Reached skill level 5 in Armour
  5383 | D:7      | Found a staircase to the Ecumenical Temple.
  5397 | Temple   | Entered the Ecumenical Temple
  5554 | Temple   | Became a worshipper of Warmaster Okawaru
  5781 | D:7      | Noticed Harold
  5791 | D:7      | HP: 2/70 [Harold/+2 halberd of pain (2)]
  5792 | D:7      | Killed Harold
  5792 | D:7      | Reached * piety under Okawaru
  5792 | D:7      | Reached skill level 5 in Invocations
  5792 | D:7      | Slain by a quokka

Vault maps used:
D:1:      dpeg_arrival_tiny_a, minmay_tiny_reverse_x
D:2:      grunt_qazlal_clouds, uniq_sigmund
D:3:      uniq_ijyb
D:4:      serial_shops, nicolae_shop_statue_plus, portal_sewer_entry_b,
          chequers_serial_rivers_room_b, uniq_edmund
D:5:      first_ration, uniq_menkaure
D:6:      basic_altar, serial_shops, nicolae_shop_overgrown_old_shop,
          nicolae_shop_statue_plus, shop, minmay_crossroads
D:7:      temple_fountains, serial_shops, shop, nicolae_ossuary_entry_ruins,
          basic_altar, uniq_harold, uniq_joseph, uniq_pikel
Temple:   minmay_crystal_snake_temple
Sewer:    sewer_kobolds

Skill      XL: |  1  2  3  4  5  6  7  8  9 |
---------------+----------------------------+-----
Spellcasting   | 5 6 |  6.9
Invocations    | 1 2 3 4 5 |  5.1
Short Blades   | 1 2 3 4 |  4.6
Long Blades    | 1 2 3 4 |  4.6
Axes           | 1 2 3 4 |  4.6
Maces & Flails | 1 2 3 4 |  4.6
Staves         | 1 2 3 4 |  4.6
Slings         | 1 2 3 4 |  4.6
Bows           | 1 2 3 4 |  4.6
Crossbows      | 1 2 3 4 |  4.6
Throwing       | 1 2 3 4 |  4.6
Stealth        | 1 2 3 4 |  4.6
Shields        | 1 2 3 4 |  4.6
Unarmed Combat | 1 2 3 4 |  4.6
Evocations     | 1 2 3 4 |  4.6
Armour         | 3 4 5 |  5.4
Conjurations   | 1 2 3 |  3.8
Hexes          | 1 2 3 |  3.8
Summonings     | 1 2 3 |  3.8
Necromancy     | 1 2 3 |  3.8
Translocations | 1 2 3 |  3.8
Transmutations | 1 2 3 |  3.8
Fire Magic     | 1 2 3 |  3.8
Ice Magic      | 1 2 3 |  3.8
Air Magic      | 1 2 3 |  3.8
Earth Magic    | 1 2 3 |  3.8
Poison Magic   | 1 2 3 |  3.8
Fighting       | 5 6 |  6.6
Polearms       | 5 6 |  6.6
Dodging        | 5 6 |  6.6
Charms         | 6 |  6.7

Action                   |  1- 3 |  4- 6 |  7- 9 || total
-------------------------+-------+-------+-------++-------
Melee: Spear             |    58 |       |       ||    58
       Bite              |     4 |     5 |    23 ||    32
       Whip              |    50 |    81 |   247 ||   378
       Punch             |       |       |     2 ||     2
 Cast: Infusion          |     3 |     4 |     9 ||    16
       Regeneration      |       |     1 |     8 ||     9
       Shroud of Golubri |       |     1 |     7 ||     8
       Spectral Weapon   |       |       |    12 ||    12
  Use: Scroll            |       |     3 |     4 ||     7
 Stab: Sleeping          |     1 |       |     6 ||     7
       Distracted        |       |       |     1 ||     1
  Eat: Chunk             |       |     3 |    10 ||    13
       Ration            |       |       |     1 ||     1
Armor: Leather armour    |    14 |    11 |    18 ||    43
       Ring mail         |       |       |    18 ||    18
Dodge: Dodged            |    57 |    46 |   163 ||   266

Table legend:
 A = Non-vault XP
 B = Vault XP
 C = Vault XP percentage of total XP
 D = Non-vault monster count
 E = Vault monster count
 F = Vault count percentage of total count
                 A         B        C        D         E       F
            +---------+---------+-------+---------+---------+-------
      Total |    2166 |    2470 |  53.3 |     126 |      21 |  14.3
            +---------+---------+-------+---------+---------+-------
        D:1 |      37 |       2 |   5.1 |      20 |       2 |   9.1
        D:2 |      65 |     223 |  77.4 |      24 |       1 |   4.0
        D:3 |      39 |      40 |  50.6 |      15 |       1 |   6.2
        D:4 |     329 |     180 |  35.4 |      17 |       5 |  22.7
        D:5 |     561 |     172 |  23.5 |      18 |       1 |   5.3
        D:6 |     845 |      46 |   5.2 |      22 |       1 |   4.3
        D:7 |     290 |    1674 |  85.2 |      10 |       2 |  16.7
      Sewer |       0 |     133 | 100.0 |       0 |       8 | 100.0
            +---------+---------+-------+---------+---------+-------
